 Dungeon Crawl Stone Soup version 0.17.0 (webtiles) character file.

14701 Marlowe the Cleaver (level 12, 0/121 HPs)
             Began as a Hill Orc Abyssal Knight on Dec 28, 2015.
             Was the Champion of Lugonu.
             Slain by an orc warrior
             ... wielding a +0 mace
              (12 damage)
             ... on level 12 of the Dungeon.
             The game lasted 02:17:26 (15630 turns).

Marlowe the Cleaver (Hill Orc Abyssal Knight)      Turns: 15630, Time: 02:17:29

Health: 0/121      AC: 18    Str: 18    XL:     12   Next: 19%
Magic:  18/18      EV: 11    Int: 14    God:    Lugonu [******]
Gold:   725        SH:  0    Dex: 13    Spells: 0 memorised, 11 levels left

rFire  . . .     SeeInvis .     s - +0 battleaxe
rCold  . . .     Clarity  .     J - +2 ring mail "Zosec" {MR+}
rNeg   . . .     SustAt   .     (shield currently unavailable)
rPois  +         Gourm    .     Y - +2 helmet of Grace {*Contam MR+ Dex+3}
rElec  .         Spirit   .     P - +0 cloak {MR+}
rCorr  .         Warding  .     g - +0 pair of gloves
rMut   .         Rnd*Tele +     E - +0 pair of boots "Miaski Pedgh" {rPois}
MR     +++..                    d - amulet of faith
Stlth  +.........               U - +3 ring of protection
                                O - ring of poison resistance

@: about to teleport, very slightly contaminated, hasted, very quick, extremely
resistant to hostile enchantments, very unstealthy
A: deformed body, robust 1, spit poison 1, teleportitis 1
a: Spit Poison, Depart the Abyss, Bend Space, Banish, Corrupt, Enter the Abyss,
Brand Weapon With Distortion, Renounce Religion


You were on level 12 of the Dungeon.
You worshipped Lugonu.
Lugonu was exalted by your worship.
You were not hungry.

You visited 2 branches of the dungeon, and saw 14 of its levels.
You visited the Abyss 1 time.
You also visited: Sewer.

You collected 725 gold pieces.

Inventory:

Hand Weapons
 q - a +1 trident
 s - a +0 battleaxe (weapon)
 W - the +6 hand crossbow of Lowimpam {flame, rN++ MR- Dex+2 SInv, unknown}
   (You found it on level 12 of the Dungeon)

   It causes projectiles fired from it to burn those they strike, causing extra
   injury to most foes and up to half again as much damage against particularly
   susceptible opponents.
   It affects your dexterity (+2).
   It greatly protects you from negative energy.
   It affects your resistance to hostile enchantments.
   It lets you see invisible.
 Z - a +0 shortbow
Missiles
 f - 26 poisoned needles
 x - 8 exploding tomahawks (quivered)
 R - 4 tomahawks
Armour
 g - a +0 pair of gloves (worn)
 j - a +0 helmet
 n - the +1 ring mail "Hedyvate" {rN++ Regen+ Int+4 Slay-4}
   (You found it on level 12 of the Dungeon)

   It affects your intelligence (+4).
   It affects your accuracy and damage with ranged weapons and melee attacks
   (-4).
   It greatly protects you from negative energy.
   It increases your rate of regeneration.
 y - a +0 chain mail
 E - the +0 pair of boots "Miaski Pedgh" (worn) {rPois}
   (You found it on level 10 of the Dungeon)

   It protects you from poison.
 J - the +2 ring mail "Zosec" (worn) {MR+}
   (You found it on level 12 of the Dungeon)

   It affects your resistance to hostile enchantments.
 P - a +0 cloak of magic resistance (worn)
 S - a +0 plate armour
 Y - the +2 helmet of Grace (worn) {*Contam MR+ Dex+3}
   (You found it on level 7 of the Dungeon)

   It affects your dexterity (+3).
   It affects your resistance to hostile enchantments.
   It causes magical contamination when unequipped.
Jewellery
 d - an amulet of faith (around neck)
 i - an uncursed ring of sustain attributes
 u - an uncursed ring of fire
 A - an uncursed amulet of warding {unknown}
 O - a ring of poison resistance (left hand)
 U - a +3 ring of protection (right hand)
 V - an uncursed ring of fire
Wands
 r - a wand of paralysis (11)
 t - a wand of frost (35)
 D - a wand of lightning (10)
 G - a wand of magic darts (29)
 Q - a wand of teleportation (5)
 X - a wand of cold (4)
Scrolls
 a - 2 scrolls of fear
 b - a scroll of immolation {unknown}
 k - a scroll of vulnerability {unknown}
 o - a scroll of enchant weapon
 B - 3 scrolls of blinking
 C - 2 scrolls of teleportation
 F - a scroll of recharging {unknown}
 L - a scroll of enchant armour
Potions
 e - 3 potions of curing
 m - 2 potions of magic {unknown}
 p - a potion of cure mutation {unknown}
 w - 2 potions of flight
 z - a potion of brilliance
 H - 2 potions of agility {unknown}
 K - a potion of invisibility {unknown}
 M - a potion of might
Books
 I - a Necronomicon

   Spells                             Type                      Level
   a - Haunt                          Necromancy/Summoning         7
   b - Borgnjor's Revivification      Necromancy                   8
   c - Death's Door                   Charms/Necromancy            8
   d - Necromutation                  Transmutation/Necromancy     8
Miscellaneous
 l - a plain deck of destruction {Degeneration}
 v - a plain deck of wonders {drawn: 1}
Comestibles
 c - 3 bread rations
 N - 2 meat rations


   Skills:
 - Level 11.3 Fighting
 - Level 13.0 Axes
 + Level 11.3 Armour
 - Level 0.7 Dodging
 - Level 8.7 Invocations
 * Level 7.0 Evocations


You had 11 spell levels left.
You didn't know any spells.

Dungeon Overview and Level Annotations

Branches:
Dungeon (13/15)            Temple (1/1) D:7            Lair (0/8) D:8
    Orc (0/4) D:12
 Vaults: D:13-14

Altars:
Ashenzari
Cheibriados
Dithmenos
Elyvilon
Gozag
Kikubaaqudgha
Makhleb
Nemelex Xobeh
Okawaru
Qazlal
Sif Muna
Trog
Xom
The Shining One

Shops:
D:11 (

Annotations:
D:7 corrupted
D:9 4 runed doors
D:11 corrupted
D:12 corrupted


Innate Abilities, Weirdness & Mutations

Armour fits poorly on your strangely shaped body.
You are robust (+10% HP).
You can spit weak poison.
You are occasionally teleported to nearby monsters.


Message History

As you read the scroll of teleportation, it crumbles to dust.
You feel strangely unstable.
You barely miss the orc warrior.
The orc warrior is heavily wounded.
You slash the orc warrior!
The orc warrior is almost dead.
The orc warrior completely misses you.
The orc warrior hits you but does no damage.
The orc warrior blocks your attack.
The orc warrior is almost dead.
You barely miss the orc warrior.
The orc warrior is heavily wounded.
The orc warrior blocks your attack.
The orc warrior is almost dead.
You slash the orc warrior!
The orc warrior is severely wounded.
The orc warrior hits you with a war axe!!
* * * LOW HITPOINT WARNING * * *
The orc warrior hits you with a mace!
You die...

.#########..##.####............#.
..#########.######......#........
........................#........
..................#......e.......
...##############................
.###)).))#[..[[####..............
####.).))#[.)[[#((#..............
#..###'#####'###((#.............#
#..#...........o@.#........#....#
#..'.##.....##.#o(#.....r.....>#.
#..#.####..###.#((##.#.o.o..####.
####..##...##.o#####....###...##.
..#8...........8#(.#.#..# ###.##.
..')..).......)))..)....# #....
..#8..........)8#).#.#..# #.##.
####..##...##..#####....########.
#((#.###...###.#((##.#...........


You could see 2 orc warriors.

Vanquished Creatures
  A centaur warrior (D:12)
  An unseen horror (D:11)
  A hill giant (D:12)
  A cyclops (D:11)
  An ugly thing (D:12)
  2 trolls
  2 two-headed ogres (D:12)
  A trapdoor spider (D:11)
  A shadow (D:11)
  3 yaks
  A wyvern (D:11)
  4 deep elf fighters (D:12)
  2 wraiths (D:11)
  2 hippogriffs
  Grum (D:9)
  2 hungry ghosts (D:11)
  3 wolves (D:9)
  A steam dragon (D:11)
  A naga (Temple)
  2 water moccasins
  10 orc warriors
  2 phantoms
  2 ice beasts
  2 centaurs
  A black bear (D:7)
  An eye of draining (D:12)
  A wasp (D:10)
  4 sky beasts
  21 big kobolds
  6 ogres
  7 giant frogs
  3 scorpions
  A water moccasin skeleton (D:4)
  9 killer bees
  2 spriggan skeletons (D:11)
  10 wights
  3 centaur zombies
  2 jellies
  3 centaur skeletons (D:11)
  7 crimson imps
  A giant frog zombie (D:6)
  A quasit (D:5)
  4 hounds
  2 orc priests (D:5)
  2 orc wizards
  2 giant frog skeletons
  A gnoll shaman (D:8)
  8 worker ants
  3 iguanas
  8 ogre zombies (D:12)
  A hound zombie (D:10)
  Robin (D:3)
  8 gnolls
  17 adders
  5 river rats (Sewer)
  3 shadow imps
  An adder skeleton (D:5)
  5 oozes
  3 worms
  13 orcs
  6 giant cockroaches
  10 hobgoblins
  4 jackals
  6 quokkas
  6 ball pythons
  A ball python skeleton (D:5)
  7 bats
  2 giant geckos
  9 giant newts
  18 goblins
  A goblin skeleton (D:12)
  2 goblin zombies (D:12)
  A hobgoblin skeleton (D:12)
  3 hobgoblin zombies (D:12)
  31 kobolds
  4 orc skeletons (D:12)
  13 orc zombies (D:12)
  25 rats
368 creatures vanquished.

Vanquished Creatures (others)
  2 hill giants
  2 ugly things (D:11)
  A kobold demonologist (D:11)
  A two-headed ogre (D:12)
  A vampire (D:12)
  A wolf (D:9)
  2 hungry ghosts
  A sky beast (D:7)
  An ice beast (D:11)
  2 ogres (D:4)
  A giant frog (D:7)
  16 killer bees
  A scorpion (D:7)
  2 worker ants
  An orc wizard (D:7)
  A hound (D:11)
  5 sheep (D:7)
  2 hound zombies (D:7)
  A worker ant zombie (D:7)
  A shadow imp (D:7)
  5 orcs
  A giant cockroach (D:7)
  A jackal (D:7)
  An orc zombie (D:12)
53 creatures vanquished.

Grand Total: 421 creatures vanquished

Notes
Turn   | Place    | Note
--------------------------------------------------------------
     0 | Abyss:1  | Marlowe the Hill Orc Abyssal Knight began the quest for the Orb.
     0 | Abyss:1  | Reached XP level 1. HP: 19/19 MP: 2/2
    15 | D:1      | Escaped the Abyss
   360 | D:1      | Reached XP level 2. HP: 20/27 MP: 3/3
   482 | D:2      | Reached skill level 4 in Axes
   482 | D:2      | Reached XP level 3. HP: 29/33 MP: 4/4
   672 | D:1      | Reached ** piety under Lugonu
   998 | D:2      | Reached skill level 5 in Axes
  1098 | D:2      | Reached XP level 4. HP: 31/40 MP: 5/5
  1238 | D:3      | Noticed Robin
  1295 | D:3      | Reached *** piety under Lugonu
  1343 | D:3      | Killed Robin
  1547 | D:3      | Found a stormy altar of Qazlal.
  1547 | D:3      | Found a deep blue altar of Sif Muna.
  1689 | D:3      | Reached XP level 5. HP: 47/47 MP: 6/6
  1750 | D:4      | Found a glowing drain.
  1834 | Sewer    | Entered a sewer
  1858 | Sewer    | Reached skill level 6 in Axes
  1908 | Sewer    | Reached **** piety under Lugonu
  2348 | Sewer    | Reached skill level 5 in Fighting
  2348 | Sewer    | Reached skill level 7 in Axes
  2349 | Sewer    | Reached XP level 6. HP: 36/56 MP: 8/8
  2438 | Sewer    | Reached ***** piety under Lugonu
  2444 | Sewer    | Reached XP level 7. HP: 42/61 MP: 8/10
  2976 | D:4      | Noticed an ogre
  2982 | D:4      | Banished an ogre
  3050 | D:4      | Noticed an ogre
  3051 | D:4      | Banished an ogre
  3051 | D:4      | Reached skill level 8 in Axes
  3196 | D:5      | Entered Level 5 of the Dungeon
  3321 | D:4      | Found a snail-covered altar of Cheibriados.
  3322 | D:4      | Found a bloodstained altar of Trog.
  3327 | D:4      | Found a burning altar of Makhleb.
  3436 | D:4      | Noticed a phantom
  3498 | D:4      | Killed a phantom
  3772 | D:5      | Reached skill level 5 in Invocations
  3961 | D:5      | Reached XP level 8. HP: 71/71 MP: 11/11
  4029 | D:5      | Reached skill level 1 in Evocations
  5083 | D:7      | Got a polished helmet
  5103 | D:6      | Identified the +2 helmet of Grace {*Contam MR+ Dex+3} (You found it on level 7 of the Dungeon)
  5509 | D:6      | Reached XP level 9. HP: 82/82 MP: 13/13
  5600 | D:7      | Noticed a hill giant
  5604 | D:7      | Corrupted D:7
  5604 | D:7      | Noticed a sixfirhy
  5604 | D:7      | Noticed a thrashing horror
  5604 | D:7      | Noticed an apocalypse crab
  5604 | D:7      | Noticed a worldbinder
  5604 | D:7      | Noticed a hellion
  5604 | D:7      | Noticed a starcursed mass
  5605 | D:7      | Noticed a smoke demon
  5606 | D:7      | Noticed a smoke demon
  5607 | D:7      | Noticed a bone dragon
  5607 | D:7      | Noticed a starcursed mass
  5607 | D:7      | Killed a hill giant
  5609 | D:7      | Noticed a starcursed mass
  5610 | D:7      | Noticed an orange demon
  5710 | D:7      | Found a shimmering altar of Xom.
  5951 | D:7      | Found a staircase to the Ecumenical Temple.
  6168 | D:8      | Reached skill level 9 in Fighting
  6450 | D:8      | Found a shattered altar of Ashenzari.
  6504 | Temple   | Entered the Ecumenical Temple
  6592 | Temple   | Gained mutation: You are robust (+10% HP). [potion of mutation]
  6592 | Temple   | Gained mutation: You are occasionally teleported to nearby monsters. [potion of mutation]
  6592 | Temple   | Gained mutation: You can spit weak poison. [potion of mutation]
  6677 | D:8      | Reached skill level 5 in Armour
  6713 | D:8      | Found a white marble altar of Elyvilon.
  6813 | D:8      | Found a staircase to the Lair.
  7212 | D:8      | Reached skill level 5 in Evocations
  7220 | D:8      | Reached XP level 10. HP: 81/100 MP: 15/15
  7469 | D:8      | Found an opulent altar of Gozag.
  7469 | D:8      | Found a glowing golden altar of the Shining One.
  7858 | D:9      | Found a sparkling altar of Nemelex Xobeh.
  7872 | D:10     | Entered Level 10 of the Dungeon
  7986 | D:9      | Noticed Grum
  8023 | D:9      | Killed Grum
  8031 | D:9      | Reached skill level 10 in Axes
  8686 | D:10     | Got a pair of faintly glowing boots
  8719 | D:9      | Identified the cursed +0 pair of boots "Miaski Pedgh" {rPois} (You found it on level 10 of the Dungeon)
  8763 | D:9      | Found a huge runed gate.
  8764 | D:9      | Found a huge runed gate.
  8765 | D:9      | Found a huge runed gate.
  8766 | D:9      | Found a huge runed gate.
  8766 | D:9      | Noticed a death yak
  8767 | D:9      | Noticed a griffon
  8767 | D:9      | Noticed a griffon
  8767 | D:9      | Noticed a griffon
  9515 | D:11     | Reached skill level 10 in Armour
 10549 | D:11     | Noticed a hill giant
 10559 | D:11     | Banished a hill giant
 10559 | D:11     | Reached skill level 11 in Axes
 10559 | D:11     | Reached XP level 11. HP: 38/106 MP: 11/16
 10808 | D:11     | Corrupted D:11
 10808 | D:11     | Noticed a bone dragon
 10808 | D:11     | Noticed a death drake
 10810 | D:11     | Noticed a deep elf sorcerer
 10837 | D:11     | Noticed a large abomination
 11111 | D:11     | Killed a purple ugly thing
 11281 | D:11     | Reached skill level 10 in Fighting
 11531 | D:11     | Killed an unseen horror
 11902 | D:11     | Reached skill level 12 in Axes
 11985 | D:10     | Gained mutation: Armour fits poorly on your strangely shaped body. [mutagenic glow]
 12788 | D:11     | Found Uzxo's Antique Weapon Shop.
 13292 | D:12     | Found a staircase to the Orcish Mines.
 13353 | D:12     | Reached ****** piety under Lugonu
 13424 | D:12     | Reached skill level 13 in Axes
 14034 | D:12     | Corrupted D:12
 14034 | D:12     | Noticed a starcursed mass
 14034 | D:12     | Noticed a shadow dragon zombie
 14036 | D:12     | Noticed a storm dragon zombie
 14036 | D:12     | Noticed a bone dragon
 14666 | D:12     | Noticed a centaur warrior
 14687 | D:12     | Killed a centaur warrior
 14687 | D:12     | Reached XP level 12. HP: 63/121 MP: 18/18
 15074 | D:12     | Got a scorched ring mail
 15211 | D:12     | Got a transparent hand crossbow
 15245 | D:12     | Got a slimy chain mail
 15246 | D:12     | Identified the cursed +1 chain mail of the Slug {rF+} (You found it on level 12 of the Dungeon)
 15259 | D:12     | Identified the +2 ring mail "Zosec" {MR+} (You found it on level 12 of the Dungeon)
 15266 | D:12     | Got a fine ring mail
 15291 | D:12     | Noticed an orc knight
 15594 | D:12     | Identified the +1 ring mail "Hedyvate" {rN++ Regen+ Int+4 Slay-4} (You found it on level 12 of the Dungeon)
 15630 | D:12     | Slain by an orc warrior

Action                   |  1- 3 |  4- 6 |  7- 9 | 10-12 || total
-------------------------+-------+-------+-------+-------++-------
Melee: Hand axe          |   175 |   271 |   122 |       ||   568
       War axe           |       |       |   403 |   772 ||  1175
       Battleaxe         |       |       |       |    32 ||    32
 Fire: Hunting sling     |       |       |    10 |       ||    10
Throw: Stone             |       |     1 |       |       ||     1
Invok: Banish            |       |     1 |     3 |     6 ||    10
       Corrupt           |       |       |     1 |     2 ||     3
       Bend Space        |       |       |       |     1 ||     1
Evoke: Wand              |       |       |     2 |     1 ||     3
       Deck              |       |       |       |     1 ||     1
  Use: Scroll            |     5 |     6 |     6 |    12 ||    29
       Potion            |       |     2 |     1 |    11 ||    14
  Eat: Chunk             |     1 |     4 |    13 |    14 ||    32
       Fruit             |       |     1 |     1 |     6 ||     8
       Pizza             |       |       |     2 |     1 ||     3
       Beef jerky        |       |       |       |     1 ||     1
       Royal jelly       |       |       |       |     4 ||     4
       Bread ration      |       |       |       |     3 ||     3
